 Dungeon Crawl Stone Soup version 0.23-a0-137-gef0ad6d46f (webtiles) character file.

53941 Jesh the Unseen (level 14, 0/65 HPs)
             Began as a Spriggan Enchanter on Aug 29, 2018.
             Was a High Priest of Dithmenos.
             Slain by a yak (8 damage)
             ... on level 3 of the Lair of Beasts.
             The game lasted 01:33:36 (30621 turns).

Jesh the Unseen (Spriggan Enchanter)               Turns: 30621, Time: 01:33:36

Health: 0/65       AC:  8    Str: 20    XL:     14   Next: 32%
Magic:  25/29      EV:  4    Int: 23    God:    Dithmenos [*****.]
Gold:   451        SH:  0    Dex: 17    Spells: 17/34 levels left

rFire    . . .     SeeInvis +   j - +6 short sword (protect)
rCold    + . .     Gourm    .   (shield restricted)
rNeg     + + +     Faith    .   R - +2 robe "Wunymegh" {rN+ Str+4 Int+5}
rPois    ∞         Spirit   .   (helmet restricted)
rElec    .         Reflect  .   F - +2 cloak {+Inv}
rCorr    .         Harm     .   (gloves unavailable)
MR       ++...                  (boots unavailable)
Stlth    ++++++++++             p - amulet of rage
HPRegen  0.20/turn              n - +4 ring of strength
MPRegen  0.21/turn              l - +5 ring of strength

@: petrified, very slightly contaminated, wreathed by umbra, invisible, very
quick
A: very small, unfitting armour, rugged brown scales 1, see invisible, cold
resistance 1, herbivore, speed 3, frail 1, slow metabolism 2, MP-powered wands
a: Shadow Step, Shadow Form, Renounce Religion, Evoke Berserk Rage


You were on level 3 of the Lair of Beasts.
You worshipped Dithmenos.
Dithmenos was extremely pleased with you.
You were hungry.

You visited 3 branches of the dungeon, and saw 18 of its levels.
You also visited: Labyrinth, Sewer and Ice Cave.

You collected 1319 gold pieces.
You spent 868 gold pieces at shops.

Inventory:

Hand Weapons
 j - a +6 short sword of protection (weapon)
 D - a +2 rapier of draining
Armour
 F - a +2 cloak of invisibility (worn)
 P - a +2 cloak of magic resistance
 R - the +2 robe "Wunymegh" (worn) {rN+ Str+4 Int+5}
   (You bought it in a shop on level 14 of the Dungeon)

   It affects your strength (+4).
   It affects your intelligence (+5).
   It protects you from negative energy.
Jewellery
 a - the ring of Eritecvo {+Fly Str+3}
   (You took it off a crimson imp on level 9 of the Dungeon)

   [ring of flight]

   It affects your strength (+3).
   It lets you fly.
 l - a +5 ring of strength (right hand)
 n - a +4 ring of strength (left hand)
 p - an amulet of rage (around neck)
Wands
 b - a wand of acid (18)
 f - a wand of flame (83)
 r - a wand of digging (10)
 v - a wand of polymorph (12)
 w - a wand of iceblast (22)
 E - a wand of paralysis (33)
 J - a wand of random effects (34)
 Q - a wand of scattershot (8)
Scrolls
 k - 12 scrolls of teleportation
 s - 8 scrolls of remove curse
 u - a scroll of immolation
 x - 2 scrolls of amnesia
 y - 2 scrolls of magic mapping
 B - 7 scrolls of identify
 C - 3 scrolls of blinking
 H - 2 scrolls of enchant armour
 K - 2 scrolls of fog
Potions
 c - a potion of brilliance
 e - a potion of agility
 g - 4 potions of lignification
 h - 4 potions of might
 m - a potion of ambrosia
 o - 4 potions of haste
 q - 7 potions of flight
 t - 8 potions of heal wounds
 z - 11 potions of curing
 G - a potion of berserk rage
 M - a potion of invisibility
 N - a potion of cancellation
Miscellaneous
 L - 2 boxes of beasts
 O - 2 sacks of spiders
Comestibles
 d - 19 rations


   Skills:
 + Level 6.7 Fighting
 + Level 9.1 Short Blades
 + Level 11.7 Dodging
 + Level 19.9 Stealth
 + Level 10.9 Spellcasting
 * Level 13.5 Hexes
 + Level 0.5 Summonings
 - Level 10.0 Evocations


You had 17 spell levels left.
You knew the following spells:

 Your Spells              Type           Power        Failure   Level  Hunger
a - Ensorcelled Hibernat  Hex/Ice        #####.       1%          2    None
b - Corona                Hex            ######.      1%          1    None
c - Confuse               Hex            ######..     1%          3    None
d - Tukima's Dance        Hex            ######..     1%          3    None
e - Dazzling Spray        Conj/Hex       #####.       1%          3    None
f - Summon Mana Viper     Hex/Summ       #####...     9%          5    ####...

Your spell library contained the following spells:

 Spells                   Type           Power        Failure   Level  Hunger
 Confusing Touch          Hex            ######       1%          1    None
 Fulminant Prism          Conj/Hex       #####.....   3%          4    None
 Summon Butterflies       Summ           ##......     4%          1    None
 Summon Small Mammal      Summ           ##..         4%          1    None
 Animate Skeleton         Necr           N/A          5%          1    None
 Apportation              Tloc           ##....       5%          1    None
 Magic Dart               Conj           ##..         5%          1    None
 Shock                    Conj/Air       ##..         5%          1    None
 Searing Ray              Conj           ##....       8%          2    None
 Swiftness                Chrm/Air       ##......     8%          2    None
 Recall                   Summ/Tloc      N/A          14%         3    None
 Lesser Beckoning         Tloc           ##........   16%         3    None
 Static Discharge         Conj/Air       ##......     16%         3    None
 Airstrike                Air            ##........   45%         4    None
 Force Lance              Conj/Tloc      ##......     45%         4    None
 Iskenderun's Mystic Bla  Conj           ##......     45%         4    None
 Passage of Golubria      Tloc           N/A          45%         4    None
 Aura of Abjuration       Summ           ##........   75%         5    ####...
 Summon Demon             Summ           ##........   75%         5    ####...
 Summon Forest            Summ/Tloc      ##........   78%         5    ####...
 Lightning Bolt           Conj/Air       ##........   82%         5    ####...
 Shadow Creatures         Summ           N/A          100%        6    #####..


Dungeon Overview and Level Annotations

Branches:
Dungeon (14/15)            Temple (1/1) D:5            Lair (3/6) D:11
    Orc (0/2) D:12         Vaults (0/5) D:13
  Swamp: Lair:2-4    Shoals: Lair:2-4     Snake: Lair:2-4    Spider: Lair:2-4

Altars:
Ashenzari
Cheibriados
Dithmenos
Elyvilon
Fedhas
Gozag
Hepliaklqana
Kikubaaqudgha
Makhleb
Nemelex Xobeh
Okawaru
Qazlal
Ru
Sif Muna
Trog
Uskayaw
Vehumet
Wu Jian
Xom
Yredelemnul
Zin
The Shining One

Shops:
D:12 =   D:13 !   D:14 }[

Annotations:
D:7 Harold
D:11 1 runed door


Innate Abilities, Weirdness & Mutations

You are very small and have problems with some larger weapons.
You are too small for most types of armour.
You have supernaturally acute eyesight. (SInv)
You are a herbivore.
You cover ground extremely quickly.
You need to consume almost no food.
You are partially covered in rugged brown scales. (AC +1, +3% HP)
Your flesh is cold resistant. (rC+)
You are frail. (-10% HP)
You expend magic power (3 MP) to strengthen your wands.


Message History

The yak gores you! The yak barely misses you. The basilisk gazes at you.
You resist with almost no effort. The yak gores you but does no damage.
The yak gores you. The yak gores you but does no damage. The yak gores you.
The yak gores you!
The basilisk bites you but does no damage.
The yak gores you. x3
The yak gores you! The yak gores you. The basilisk gazes at you.
You resist with almost no effort. The yak gores you.
* * * LOW HITPOINT WARNING * * *
The yak gores you!
* * * LOW HITPOINT WARNING * * *
The yak gores you. The yak gores you but does no damage. The yak gores you.
* * * LOW HITPOINT WARNING * * *
The basilisk barely misses you. The yak gores you!
* * * LOW HITPOINT WARNING * * *
The yak gores you!
You die...

.#.#.....+...#....#..#
.......###............
.P....###....#.#+#.##.
.....<.########..# #
.##..### #..## ###P.#
##.# # ##... #..##
####..#.. ##..Y####
..##... .# #..Y@YY.#
#.#..... .#
#..YlY.....# #...#...#
##...........#
....#.8.#
#?..........# #......
#............# ##.#..
###..........# #....
#..........# .#+#
...........# ## #...


You could see 6 yaks and a basilisk.

Vanquished Creatures
  A minotaur (Lab)
  An ogre mage (D:13)
  Snorg (D:14)
  2 fire dragons (D:11)
  2 ice dragons (D:11)
  Erolcha (D:10)
  A death knight (D:12)
  Erica (D:8)
  17 two-headed ogres
  A tengu warrior (D:9)
  Urug (Lair:1)
  Sonja (D:10)
  4 skeletal warriors (D:12)
  2 phantasmal warriors (D:12)
  Pikel (D:5)
  A deep elf mage (D:13)
  A manticore (D:13)
  9 ugly things
  2 cyclopes (D:14)
  2 ice statues (IceCv)
  A black mamba (Lair:3)
  Maurice (D:11)
  Joseph (D:10)
  A centaur zombie (D:13)
  Psyche (D:12)
  3 spiny frogs
  A storm dragon simulacrum (D:14)
  4 komodo dragons
  5 centaur skeletons
  2 freezing wraiths
  4 kobold demonologists
  2 polar bears
  2 trolls
  A meliai (D:9)
  2 hornets
  6 blink frogs
  Prince Ribbit (D:8)
  3 slime creatures (D:14)
  2 hippogriffs
  Sigmund (D:2)
  7 yaks
  A wraith (D:14)
  A water elemental (D:11)
  2 spriggans
  A hungry ghost (D:14)
  A vampire (D:12)
  Eustachio (D:5)
  2 wyverns
  A hog (shapeshifter) (D:13)
  Menkaure (D:6)
  2 acid dragons
  2 porcupines
  6 orc warriors
  6 water moccasins
  4 black bears
  2 eyes of draining
  10 ice beasts
  5 sky beasts
  A black bear (shapeshifter) (D:14)
  A phantom (D:9)
  3 necrophages
  28 ogres
  5 centaurs
  2 wolves (D:8)
  4 crocodiles
  Blork the orc (D:4)
  13 big kobolds
  13 bullfrogs
  2 wyvern zombies
  A water moccasin zombie (D:9)
  A wyvern skeleton (D:9)
  A water moccasin skeleton (D:8)
  5 scorpions
  13 killer bees
  A wight (D:9)
  7 electric eels
  4 crimson imps
  7 hounds
  5 jellies
  Crazy Yiuf (D:7)
  9 orc priests
  3 orc wizards
  A bullfrog skeleton (D:4)
  Jessica (D:2)
  11 iguanas
  14 worker ants
  An ogre zombie (D:10)
  3 hound zombies
  2 hound skeletons
  Robin (D:2)
  A howler monkey zombie (D:9)
  A gnoll (D:2)
  A worker ant zombie (D:7)
  9 river rats (Sewer)
  10 adders
  5 shadow imps
  2 oozes (D:3)
  An adder skeleton (D:4)
  2 worms (D:4)
  5 dart slugs
  4 leopard geckos
  53 orcs
  9 ball pythons
  6 bats
  8 giant cockroaches
  24 goblins
  15 hobgoblins
  15 jackals
  33 kobolds
  3 quokkas
  4 frilled lizards
  A jackal zombie (D:5)
  3 leopard gecko skeletons
  A quokka skeleton (D:6)
  A quokka zombie (D:6)
  22 rats
555 creatures vanquished.

Vanquished Creatures (collateral kills)
  Grum (D:8)
  An orc wizard (D:6)
  2 gnolls (D:2)
  2 orcs
6 creatures vanquished.

Vanquished Creatures (others)
  A dancing weapon (D:6)
  A bullfrog (D:13)
  A kobold (D:14)
  A bush (Lair:3)
  3 fungi (Lair:3)
  2 plants (Lair:3)
9 creatures vanquished.

Grand Total: 570 creatures vanquished

Notes
Turn   | Place    | Note
-------+----------+-------------------------------------------
     0 | D:1      | Jesh the Spriggan Enchanter began the quest for the Orb.
     0 | D:1      | Reached XP level 1. HP: 9/9 MP: 5/5
   172 | D:1      | Reached XP level 2. HP: 13/13 MP: 5/7
   176 | D:1      | Learned a level 2 spell: Ensorcelled Hibernation
  1223 | D:1      | Reached XP level 3. HP: 11/16 MP: 2/9
  1682 | D:2      | Noticed Sigmund
  1712 | D:2      | Learned a level 3 spell: Confuse
  1716 | D:2      | Learned a level 3 spell: Tukima's Dance
  2138 | D:2      | Noticed Jessica
  2152 | D:2      | Killed Jessica
  2152 | D:2      | Reached skill level 5 in Hexes
  2152 | D:2      | Reached XP level 4. HP: 21/21 MP: 7/11
  2193 | D:2      | Noticed Robin
  2296 | D:2      | Killed Robin
  3617 | D:2      | Killed Sigmund
  3617 | D:2      | Reached skill level 7 in Stealth
  3617 | D:2      | Reached XP level 5. HP: 24/24 MP: 10/13
  3837 | D:3      | Reached XP level 6. HP: 28/28 MP: 9/14
  4115 | D:3      | Found a faded altar of an unknown god.
  4522 | D:4      | Reached skill level 8 in Stealth
  4640 | D:4      | Reached skill level 9 in Stealth
  4872 | D:4      | Reached skill level 10 in Stealth
  4872 | D:4      | Reached XP level 7. HP: 32/32 MP: 15/15
  4975 | D:4      | Found a glowing drain.
  4989 | Sewer    | Entered a sewer
  6545 | Sewer    | Reached skill level 11 in Stealth
  7391 | Sewer    | Learned a level 3 spell: Dazzling Spray
  7650 | D:4      | Reached skill level 12 in Stealth
  7961 | D:4      | Noticed Blork the orc
  7964 | D:4      | Killed Blork the orc
  8091 | D:5      | Entered Level 5 of the Dungeon
  8091 | D:5      | Found a staircase to the Ecumenical Temple.
  8093 | D:5      | Reached XP level 8. HP: 36/36 MP: 16/16
  8103 | Temple   | Entered the Ecumenical Temple
  8310 | D:5      | Reached skill level 13 in Stealth
  8604 | D:5      | Noticed Eustachio
  8615 | D:5      | Killed Eustachio
  8615 | D:5      | Reached skill level 14 in Stealth
  8929 | D:5      | Noticed Pikel
  8939 | D:5      | Killed Pikel
  8939 | D:5      | Reached skill level 16 in Stealth
  8939 | D:5      | Reached XP level 9. HP: 23/39 MP: 6/17
  9316 | D:6      | Noticed Menkaure
  9332 | D:6      | Killed Menkaure
  9432 | D:6      | Found a hide-covered altar of Uskayaw.
  9547 | D:6      | Gained mutation: You occasionally shout uncontrollably at
                  | your foes. [potion of mutation]
  9547 | D:6      | Gained mutation: You are partially covered in yellow
                  | scales. (AC +2) [potion of mutation]
  9579 | D:6      | Reached skill level 17 in Stealth
 10416 | D:6      | Reached skill level 5 in Spellcasting
 11427 | D:7      | Reached skill level 1 in Fighting
 11516 | D:7      | Noticed Harold
 11520 | D:7      | Found a stormy altar of Qazlal.
 12672 | D:7      | Found a runed door.
 12676 | D:7      | Noticed Crazy Yiuf
 12680 | D:7      | Killed Crazy Yiuf
 13011 | D:8      | Found a blossoming altar of Fedhas.
 13012 | D:8      | Found a sacrificial altar of Ru.
 13012 | D:8      | Found a glowing silver altar of Zin.
 13015 | D:8      | Found a snail-covered altar of Cheibriados.
 13030 | D:8      | Reached skill level 5 in Dodging
 13030 | D:8      | Reached XP level 10. HP: 46/46 MP: 19/19
 13112 | D:8      | Noticed Erica
 13112 | D:8      | Noticed Prince Ribbit
 13119 | D:8      | Killed Erica
 13120 | D:8      | Killed Prince Ribbit
 13522 | D:8      | Noticed Grum
 13534 | D:8      | Killed Grum
 14464 | D:9      | Got a scorched turquoise ring
 14692 | D:8      | Identified the ring of Eritecvo {+Fly Str+3} (You took it
                  | off a crimson imp on level 9 of the Dungeon)
 14846 | D:9      | Found a shadowy altar of Dithmenos.
 14854 | D:9      | Became a worshipper of Dithmenos the Shadowed
 14887 | D:9      | Found an iron altar of Okawaru.
 15418 | D:9      | Reached skill level 5 in Short Blades
 15418 | D:9      | Reached skill level 18 in Stealth
 15648 | D:9      | Noticed a tengu warrior
 15655 | D:9      | Killed a tengu warrior
 15655 | D:9      | Reached XP level 11. HP: 37/52 MP: 10/23
 15662 | D:9      | Reached * piety under Dithmenos
 15925 | D:9      | Noticed a two-headed ogre
 16516 | D:9      | Found a radiant altar of Vehumet.
 16519 | D:9      | Found a white marble altar of Elyvilon.
 17196 | D:9      | Killed a two-headed ogre
 17374 | D:10     | Entered Level 10 of the Dungeon
 17455 | D:10     | Got an iridescent long sword
 17876 | D:10     | Got an ichor-stained mace
 17888 | D:10     | Noticed Joseph
 17895 | D:10     | Killed Joseph
 18257 | D:10     | Reached ** piety under Dithmenos
 18308 | D:10     | Noticed Sonja
 18317 | D:10     | Killed Sonja
 18693 | D:10     | Noticed a two-headed ogre
 18693 | D:10     | Noticed a two-headed ogre
 18693 | D:10     | Noticed a two-headed ogre
 18703 | D:10     | Killed a two-headed ogre
 18706 | D:10     | Killed a two-headed ogre
 18927 | D:10     | Killed a two-headed ogre
 18927 | D:10     | Reached skill level 10 in Hexes
 19492 | D:10     | Noticed a two-headed ogre
 19492 | D:10     | Noticed a two-headed ogre
 19493 | D:10     | Noticed Erolcha
 19494 | D:10     | Noticed a two-headed ogre
 19541 | D:10     | Killed a two-headed ogre
 19541 | D:10     | Reached XP level 12. HP: 59/59 MP: 18/25
 19546 | D:10     | Killed a two-headed ogre
 19549 | D:10     | Killed Erolcha
 19549 | D:10     | Reached skill level 5 in Fighting
 19557 | D:10     | Killed a two-headed ogre
 19763 | D:10     | Identified the +5 mace "Esedugg" {crush, Dex+5} (You found
                  | it on level 10 of the Dungeon)
 19764 | D:10     | Identified the +2 long sword "Undertaker" {slice, Str+3}
                  | (You found it on level 10 of the Dungeon)
 19823 | D:11     | Noticed a two-headed ogre
 19824 | D:11     | Killed a two-headed ogre
 20363 | D:11     | Noticed Maurice
 20370 | D:11     | Killed Maurice
 20415 | D:11     | Noticed a two-headed ogre
 20424 | D:11     | Killed a two-headed ogre
 20779 | D:11     | Reached *** piety under Dithmenos
 20843 | D:11     | Reached skill level 5 in Evocations
 21025 | D:11     | Noticed an ice dragon
 21026 | D:11     | You fall through a shaft for 2 floors!
 21128 | D:13     | Noticed a two-headed ogre
 21138 | D:13     | Killed a two-headed ogre
 21167 | D:13     | Found a labyrinth entrance.
 21168 | D:13     | Noticed a two-headed ogre
 21179 | Lab      | Entered a labyrinth
 21738 | Lab      | Noticed a minotaur
 21742 | Lab      | Killed a minotaur
 21744 | Lab      | Got a slimy bronze ring
 21745 | Lab      | Identified the cursed ring "Uchahe" {AC-5 Dex+4} (You took
                  | it off a minotaur in a labyrinth)
 21756 | D:13     | Killed a two-headed ogre
 21879 | D:13     | Found a frozen archway.
 21889 | IceCv    | Entered an ice cave
 21891 | IceCv    | Found a transporter.
 21912 | IceCv    | Reached skill level 10 in Evocations
 22134 | IceCv    | Found a transporter.
 22151 | IceCv    | Reached skill level 19 in Stealth
 22643 | IceCv    | Identified Leotti's Handbook of Creative Dislocation
 23095 | D:12     | Found Mahiomn's Jewellery Shop.
 23135 | D:12     | Reached XP level 13. HP: 52/63 MP: 27/27
 23144 | D:12     | Reached **** piety under Dithmenos
 23409 | D:11     | Found a runed door.
 23410 | D:11     | Noticed a fire dragon
 23411 | D:11     | Found the +2 shield of Resistance {rF+ rC+ MR+}
 23415 | D:11     | Noticed a fire dragon
 23424 | D:11     | Found a runed door.
 23455 | D:11     | Reached skill level 10 in Dodging
 23470 | D:11     | Killed a fire dragon
 23483 | D:11     | Killed a fire dragon
 23984 | D:11     | Found a staircase to the Lair.
 24703 | D:12     | Found a staircase to the Orcish Mines.
 24944 | D:12     | Noticed Psyche
 24946 | D:12     | Killed Psyche
 25557 | D:13     | Found Qasen's Distillery.
 25561 | D:13     | Bought a potion of might for 60 gold pieces
 25561 | D:13     | Bought a potion of haste for 150 gold pieces
 25561 | D:13     | Bought 2 potions of curing for 90 gold pieces
 25561 | D:13     | Bought a potion of mutation for 120 gold pieces
 25561 | D:13     | Lost mutation: You occasionally shout uncontrollably at
                  | your foes. [potion of mutation]
 25561 | D:13     | Lost mutation: You are partially covered in yellow scales.
                  | (AC +2) [potion of mutation]
 25561 | D:13     | Gained mutation: You expend magic power (3 MP) to
                  | strengthen your wands. [potion of mutation]
 25561 | D:13     | Gained mutation: You are partially covered in rugged brown
                  | scales. (AC +1, +3% HP) [potion of mutation]
 25561 | D:13     | Gained mutation: You are frail. (-10% HP) [potion of
                  | mutation]
 25561 | D:13     | Gained mutation: Your flesh is cold resistant. (rC+)
                  | [potion of mutation]
 25668 | D:13     | Found a gate to the Vaults.
 25687 | D:13     | Reached skill level 10 in Spellcasting
 26768 | D:14     | Found Kenloer's Armour Shoppe.
 26786 | D:14     | Bought the +2 robe "Wunymegh" {rN+ Str+4 Int+5} for 448
                  | gold pieces
 27174 | D:14     | Noticed Snorg
 27183 | D:14     | Killed Snorg
 27319 | D:14     | Reached ***** piety under Dithmenos
 27517 | D:14     | Found an opulent altar of Gozag.
 27552 | D:14     | Reached XP level 14. HP: 65/65 MP: 29/29
 27906 | D:14     | Found Goask's Gadget Shop.
 28198 | Lair:1   | Entered Level 1 of the Lair of Beasts
 28202 | Lair:1   | Noticed Urug
 28220 | Lair:1   | Killed Urug
 28559 | Lair:1   | Found an opulent altar of Gozag.
 30093 | Lair:3   | Learned a level 5 spell: Summon Mana Viper
 30621 | Lair:3   | Slain by a yak

Vault maps used:
D:1:      elethiomel_arrival_maze
D:2:      uniq_jessica, uniq_robin, uniq_sigmund
D:3:      chequers_ecumenical_altar_grove, first_ration
D:4:      cheibrodos_greedy_goblins, cheibrodos_sewer_entry_bend,
          uniq_blork_the_orc
D:5:      minmay_temple_entry_overgrown, uniq_eustachio, uniq_pikel
D:6:      basic_altar, uniq_menkaure
D:7:      nicolae_qazlal_style_of_elements, uniq_crazy_yiuf_cottage, uniq_harold
D:8:      grunt_temple_overflow_open, serial_corexii_hall,
          corexii_hall_statues_x, corexii_hall_statues_l, uniq_grum, uniq_erica,
          uniq_prince_ribbit1
D:9:      minmay_quarter_circles, lemuel_coloured_pillars_altar,
          nicolae_overflow_hidden_temple, lemuel_round_altar
D:10:     lemuel_ogre_cave, the_bakery, uniq_sonja, uniq_joseph
D:11:     lair_entry_dummy, serial_bayou, serial_bayou_lake_a,
          serial_bayou_pond_a, serial_bayou_shore_a, serial_bayou_pond_b,
          special_room, minmay_guarded_unrand_resistance, uniq_maurice
D:12:     orc_0_dummy, serial_shops, shop, minivault_1, grunt_decor_fettered,
          dk_noncrumbling_4, uniq_psyche
D:13:     david_vaults_2, lab_entry_generic, serial_shops, shop,
          portal_ice_cave_entry_pillars_1
D:14:     nicolae_gozag_seed_capital, serial_shops, kennysheep_mini_moat,
          nicolae_shop_competitors_out_of_business, kennysheep_generic_room_10,
          uniq_snorg
Temple:   nicolae_temple_figure_eight
Lair:1:   basic_altar, grunt_forest_large_clearing_hut, uniq_urug
Lair:2:   beast_lair_carwin_large_1, nicolae_quartered_pool_super,
          serial_bayou_lagoon_a
Lair:3:   grunt_megastairs_1
Lab:      labyrinth_watery
Sewer:    sewer_minmay_treatment
IceCv:    ice_cave_statue_garden_transporter

Skill      XL: |  1  2  3  4  5  6  7  8  9 10 11 12 13 14 |
---------------+-------------------------------------------+-----
Spellcasting   | 3 4 5 7 8 9 10 | 10.9
Hexes          | 4 5 6 8 10 11 12 13 | 13.5
Stealth        | 7 10 12 16 17 18 19 | 19.9
Fighting       | 2 3 4 5 6 |  6.7
Short Blades   | 3 5 6 7 8 9 |  9.1
Dodging        | 5 7 9 11 | 11.7
Evocations     | 10 | 10.0
Summonings     | |  0.5

Action                   |  1- 3 |  4- 6 |  7- 9 | 10-12 | 13-15 || total
-------------------------+-------+-------+-------+-------+-------++-------
Melee: Dagger            |   109 |   121 |       |       |       ||   230
       Short sword       |       |    46 |   427 |   569 |   388 ||  1430
 Cast: Corona            |     2 |       |       |       |       ||     2
       Ensorcelled Hiber |    17 |    27 |    42 |   120 |    41 ||   247
       Confuse           |     1 |     3 |    13 |    33 |    16 ||    66
       Tukima's Dance    |       |     4 |     5 |     3 |       ||    12
       Dazzling Spray    |       |       |     1 |    15 |     2 ||    18
 Abil: Evoke Invisibilit |       |       |       |     4 |     7 ||    11
       Evoke Berserk Rag |       |       |       |       |     1 ||     1
Evoke: Wand              |       |       |       |     5 |     1 ||     6
  Use: Scroll            |     5 |    13 |    12 |     9 |     5 ||    44
       Potion            |     1 |     2 |     4 |     4 |     3 ||    14
 Stab: Sleeping          |    15 |    22 |    64 |    91 |    66 ||   258
       Confused          |       |     3 |     6 |    17 |    13 ||    39
       Distracted        |       |     1 |     1 |     3 |       ||     5
       Invisible         |       |       |       |    20 |    41 ||    61
  Eat: Ration            |       |     2 |     6 |     6 |     5 ||    19
Armor: Robe              |    10 |    16 |   111 |    66 |    42 ||   245
Dodge: Dodged            |    92 |   137 |   470 |   519 |   285 ||  1503

Table legend:
 A = Non-vault XP
 B = Vault XP
 C = Vault XP percentage of total XP
 D = Non-vault monster count
 E = Vault monster count
 F = Vault count percentage of total count
                 A         B        C        D         E       F
            +---------+---------+-------+---------+---------+-------
      Total |   41921 |   35138 |  45.6 |     375 |     187 |  33.3
            +---------+---------+-------+---------+---------+-------
        D:1 |      52 |       0 |   0.0 |      26 |       0 |   0.0
        D:2 |      47 |     260 |  84.7 |      15 |      15 |  50.0
        D:3 |      59 |       0 |   0.0 |      19 |       0 |   0.0
        D:4 |     538 |     136 |  20.2 |      29 |      17 |  37.0
        D:5 |     838 |     803 |  48.9 |      19 |       2 |   9.5
        D:6 |     808 |     165 |  17.0 |      24 |       1 |   4.0
        D:7 |     763 |      41 |   5.1 |      30 |       1 |   3.2
        D:8 |    1193 |    1594 |  57.2 |      18 |       5 |  21.7
        D:9 |    3334 |    3523 |  51.4 |      36 |      24 |  40.0
       D:10 |    1059 |    9577 |  90.0 |      20 |      25 |  55.6
       D:11 |    2375 |    6387 |  72.9 |      26 |      16 |  38.1
       D:12 |    9041 |     424 |   4.5 |      30 |       1 |   3.2
       D:13 |    4265 |    1986 |  31.8 |      15 |       2 |  11.8
       D:14 |   12138 |    2004 |  14.2 |      40 |       3 |   7.0
     Lair:1 |    1288 |    1648 |  56.1 |       6 |       4 |  40.0
     Lair:2 |     843 |    1364 |  61.8 |       7 |       9 |  56.2
     Lair:3 |    3280 |     921 |  21.9 |      15 |       3 |  16.7
        Lab |       0 |    1184 | 100.0 |       0 |       1 | 100.0
      Sewer |       0 |     280 | 100.0 |       0 |      48 | 100.0
      IceCv |       0 |    2841 | 100.0 |       0 |      10 | 100.0
            +---------+---------+-------+---------+---------+-------
